 Dungeon Crawl Stone Soup version 0.17.0-9-g801d43b (webtiles) character file.

1274 septik the Conjurer (level 8, -2/41 HPs)
             Began as a Deep Elf Fire Elementalist on Nov 9, 2015.
             Was an Initiate of Vehumet.
             Slain by an orc warrior
             ... wielding a +0 falchion
              (7 damage)
             ... on level 5 of the Dungeon.
             The game lasted 00:34:41 (5660 turns).

septik the Conjurer (Deep Elf Fire Elementalist)    Turns: 5660, Time: 00:34:41

Health: -2/41      AC:  9    Str:  5    XL:     8   Next: 28%
Magic:  15/19      EV:  8    Int: 23    God:    Vehumet [......]
Gold:   227        SH:  0    Dex: 15    Spells: 4 memorised, 6 levels left

rFire  . . .     SeeInvis .     g - +1 short sword (protect)
rCold  . . .     Clarity  .     a - +0 robe
rNeg   . . .     SustAt   .     (no shield)
rPois  .         Gourm    .     (no helmet)
rElec  .         Spirit   .     u - +0 cloak
rCorr  .         Warding  .     z - +0 pair of gloves
rMut   .         Stasis   .     (no boots)
MR     .....                    (no amulet)
Stlth  ++........               (no ring)
                                (no ring)

@: not resistant to hostile enchantments, unstealthy
A: no striking features
a: Renounce Religion


You were on level 5 of the Dungeon.
You worshipped Vehumet.
Vehumet was noncommittal.
You were hungry.

You visited 1 branch of the dungeon, and saw 5 of its levels.

You collected 227 gold pieces.

Inventory:

Hand Weapons
 f - a +0 spear
 g - a +1 short sword of protection (weapon)
 m - a +0 hunting sling
 n - a +1 short sword of electrocution
 y - a cursed -3 trident
 D - a cursed -3 whip
 F - a +0 glaive
Missiles
 e - 46 poisoned needles
 i - 44 stones (quivered)
 j - 2 javelins
 l - 13 poisoned sling bullets
Armour
 a - a +0 robe (worn)
 h - a cursed +0 buckler
 u - a +0 cloak (worn)
 z - a +0 pair of gloves (worn)
Wands
 E - a wand of frost (24)
Scrolls
 q - 4 scrolls of remove curse {unknown}
 t - a scroll of amnesia {unknown}
 w - 3 scrolls of enchant weapon
 A - a scroll of magic mapping {unknown}
 B - 3 scrolls of identify {unknown}
Potions
 k - a potion of ambrosia {unknown}
 o - 2 potions of flight {unknown}
 p - 2 potions of curing {unknown}
 s - a potion of mutation {unknown}
 v - a potion of cure mutation {unknown}
 x - 2 potions of brilliance {unknown}
 C - a potion of lignification {unknown}
Books
 b - a book of Flames

   Spells                             Type                      Level
   a - Flame Tongue                   Conjuration/Fire             1
   b - Throw Flame                    Conjuration/Fire             2
   c - Conjure Flame                  Conjuration/Fire             3
   d - Inner Flame                    Hexes/Fire                   3
   e - Sticky Flame                   Conjuration/Fire             4
   f - Fireball                       Conjuration/Fire             5
Comestibles
 c - 5 bread rations
 d - a meat ration
 r - a royal jelly


   Skills:
 - Level 2.4 Dodging
 - Level 2.4 Stealth
 + Level 6.3 Spellcasting
 * Level 7.4 Conjurations
 * Level 7.3 Fire Magic


You had 6 spell levels left.
You knew the following spells:

 Your Spells              Type           Power        Failure   Level  Hunger
a - Flame Tongue          Conj/Fire      #####        1%          1    None
b - Conjure Flame         Conj/Fire      #####...     1%          3    #......
c - Sticky Flame          Conj/Fire      #####...     4%          4    ###....
d - Fireball              Conj/Fire      #####.....   12%         5    #####..


Dungeon Overview and Level Annotations

Branches:
Dungeon (5/15)
 Temple: D:4-7

Altars:
Elyvilon
Vehumet
Yredelemnul

Shops:
D:4 }

Annotations:
D:3 exclusions: 2 gnolls and player ghost, puimuR's ghost, amateur DsBe
D:5 Blork the orc


Message History

The giant gecko barely misses you.
Unknown command.
The giant gecko hisses menacingly.
The giant gecko closely misses you. x2
The orc warrior hits you with a falchion!!
Ouch! That really hurt!
A crimson imp comes into view.
The giant gecko bites you.
Blork the orc looks braver for a moment.
The giant gecko barely misses you.
Blork the orc gestures at you while chanting.
The puff of flame hits you!
* * * LOW HITPOINT WARNING * * *
The giant gecko bites you but does no damage.
The orc warrior hits you with a falchion.
* * * LOW HITPOINT WARNING * * *
There is a stone staircase leading up here.
The giant gecko barely misses you.
The orc warrior hits you with a falchion!
You die...

.# .# .........
######.........
.#..#..........#
.#..#..........######
.'..#...............#
.#).#...............#
.#..#...............#
.#..(...........@...#
.####..........ol...#
......#+###.....ge..#
......# #.........#
......# #.........#
......# #.....o...#
......#####.........#
#######...#.........#
...# .....#.........#


You could see Blork the orc, an orc warrior, a deep elf fighter, a gnoll
sergeant and a giant gecko.

Vanquished Creatures
  Eustachio (D:4)
  An orc warrior (D:5)
  2 sky beasts
  A phantom (D:3)
  5 killer bees (D:4)
  2 scorpions (D:4)
  A wight (D:5)
  A centaur zombie (D:5)
  A hound (D:4)
  An iguana (D:4)
  Jessica (D:3)
  13 gnolls
  6 adders
  A shadow imp (D:5)
  An ooze (D:2)
  A worm (D:2)
  4 giant geckos
  5 orcs
  5 giant cockroaches
  6 goblins
  9 hobgoblins
  4 jackals (D:4)
  A quokka (D:2)
  3 ball pythons
  11 bats
  A giant newt (D:4)
  A jackal skeleton (D:4)
  11 kobolds
  11 rats
111 creatures vanquished.

Vanquished Creatures (others)
  A giant gecko (D:2)
1 creature vanquished.

Grand Total: 112 creatures vanquished

Notes
Turn   | Place    | Note
--------------------------------------------------------------
     0 | D:1      | septik the Deep Elf Fire Elementalist began the quest for the Orb.
     0 | D:1      | Reached XP level 1. HP: 10/10 MP: 6/6
   232 | D:1      | Reached XP level 2. HP: 12/15 MP: 4/8
   925 | D:2      | Reached XP level 3. HP: 19/19 MP: 7/9
   930 | D:2      | Learned a level 3 spell: Conjure Flame
  1040 | D:2      | Found a faded altar to an unknown god.
  1088 | D:2      | Found a white marble altar of Elyvilon.
  1522 | D:2      | Reached XP level 4. HP: 24/24 MP: 5/10
  1547 | D:2      | Learned a level 4 spell: Sticky Flame
  1579 | D:2      | Reached skill level 4 in Fire Magic
  1695 | D:2      | Found a white marble altar of Elyvilon.
  1998 | D:2      | Found a basalt altar of Yredelemnul.
  2040 | D:3      | Noticed puimuR's ghost (amateur DsBe)
  2158 | D:3      | Noticed Jessica
  2190 | D:3      | Killed Jessica
  2500 | D:3      | Noticed a phantom
  2700 | D:4      | Reached XP level 5. HP: 28/28 MP: 2/12
  3169 | D:4      | Reached skill level 5 in Fire Magic
  3169 | D:4      | Reached XP level 6. HP: 29/32 MP: 10/14
  3176 | D:4      | Learned a level 5 spell: Fireball
  3214 | D:4      | Reached skill level 5 in Conjurations
  3311 | D:4      | Noticed Eustachio
  3312 | D:4      | Noticed a sky beast
  3356 | D:4      | Killed a sky beast
  3424 | D:3      | Reached XP level 7. HP: 36/36 MP: 3/16
  3855 | D:3      | Found a radiant altar of Vehumet.
  3869 | D:3      | Became a worshipper of Vehumet
  4111 | D:3      | Killed a phantom
  4111 | D:3      | Reached skill level 5 in Spellcasting
  4111 | D:3      | Reached skill level 6 in Fire Magic
  4202 | D:4      | Killed Eustachio
  4853 | D:4      | Reached XP level 8. HP: 30/41 MP: 13/18
  5084 | D:4      | Found Koosuocef's Gadget Boutique.
  5182 | D:5      | Entered Level 5 of the Dungeon
  5206 | D:5      | Reached skill level 7 in Conjurations
  5651 | D:5      | Noticed Blork the orc
  5660 | D:5      | Slain by an orc warrior

Action                   |  1- 3 |  4- 6 |  7- 9 || total
-------------------------+-------+-------+-------++-------
Melee: Short sword       |     5 |     8 |    13 ||    26
       Dagger            |     1 |       |       ||     1
Throw: Stone             |     7 |     6 |     7 ||    20
 Cast: Flame Tongue      |    62 |   101 |   146 ||   309
       Conjure Flame     |     1 |    14 |    13 ||    28
       Fireball          |       |       |     1 ||     1
  Use: Scroll            |     2 |       |       ||     2
  Eat: Chunk             |     2 |     6 |     7 ||    15
